 Dungeon Crawl Stone Soup version 0.28.0-43-g3370ac3207 (webtiles) character file.

Game seed: 9648508746159135328

1533 Orthodox the Spear-Bearer (level 8, -5/69 HPs)
             Began as a Merfolk Gladiator on Mar 19, 2022.
             Was an Initiate of Okawaru.
             Killed by divine providence
             ... invoked by an orc priest
              (12 damage)
             ... on level 7 of the Dungeon.
             The game lasted 00:34:16 (7067 turns).

Orthodox the Spear-Bearer (Merfolk Gladiator)       Turns: 7067, Time: 00:34:17

Health: -5/69      AC: 12    Str: 16    XL:     8   Next: 85%
Magic:  8/8        EV: 11    Int: 10    God:    Okawaru [......]
Gold:   291        SH: 14    Dex: 15    Spells: 7/7 levels left

rFire   . . .      SeeInvis .   w - +0 trident (flame)
rCold   . . .      Faith    .   r - +0 kite shield {AC+3}
rNeg    . . .      Spirit   .   p - +3 leather armour {rPois}
rPois   +          Reflect  +   c - +0 helmet
rElec   .          Harm     .   (no cloak)
rCorr   .          Rampage  .   (no gloves)
Will    .....                   (no boots)
Stlth   +.........              x - amulet of reflection
HPRegen 0.21/turn               (no ring)
MPRegen 0.11/turn               (no ring)

@: no status effects
A: (nimble swimmer 2), mertail, iridescent scales 1, clever 1
a: Renounce Religion


You were on level 7 of the Dungeon.
You worshipped Okawaru.
Okawaru was noncommittal.
You visited 2 branches of the dungeon, and saw 8 of its levels.

You collected 406 gold pieces.
You spent 115 gold pieces at shops.

Inventory:

Hand Weapons
 a - a +1 trident
 w - a +0 trident of flaming (weapon)
Missiles
 d - 3 throwing nets (quivered) {!f}
Armour
 b - a +1 leather armour
 c - a +0 helmet (worn)
 m - a +0 plate armour
 n - a +0 chain mail
 p - a +3 leather armour of poison resistance (worn)
 r - a +0 kite shield of protection (worn)
Jewellery
 f - an amulet of regeneration
 h - a ring of fire
 x - an amulet of reflection (around neck)
Wands
 l - a wand of polymorph (10)
Scrolls
 i - 3 scrolls of enchant weapon
 k - 6 scrolls of identify {@r1}
 o - a scroll of enchant armour
 t - a scroll of noise
 u - a scroll of silence {unknown}
Potions
 e - a potion of mutation
 j - a potion of flight {unknown}
 s - a potion of lignification {unknown}
 v - a potion of resistance {unknown}
 A - 2 potions of invisibility


   Skills:
 + Level 8.4 Fighting
 - Level 11.0 Polearms
 - Level 2.0 Throwing
 - Level 4.0 Dodging
 + Level 3.1 Shields


You had 7 spell levels left.
You didn't know any spells.
Your spell library contained the following spells:

 Spells                   Type           Power      Damage    Failure   Level
 Sandblast                Erth           0%         2d4       82%         1
 Passwall                 Tmut/Erth      0%         N/A       91%         2
 Confusing Touch          Hex            0%         N/A       99%         3
 Ozocubu's Armour         Ice            0%         N/A       99%         3
 Portal Projectile        Hex/Tloc       0%         N/A       99%         3
 Stone Arrow              Conj/Erth      0%         3d7       99%         3
 Blade Hands              Tmut           0%         N/A       100%        5
 Excruciating Wounds      Necr           0%         N/A       100%        5
 Metabolic Englaciation   Hex/Ice        0%         N/A       100%        5
 Yara's Violent Unravell  Hex/Tmut       0%         3d3       100%        5
 Enfeeble                 Hex            0%         N/A       100%        7
 Simulacrum               Ice/Necr       Unusable   N/A       N/A         6

Dungeon Overview and Level Annotations

Branches:
Dungeon (7/15)             Temple (1/1) D:6

Altars:
Ashenzari
Dithmenos
Elyvilon
Fedhas
Gozag
Hepliaklqana
Kikubaaqudgha
Makhleb
Nemelex Xobeh
Okawaru
Ru
Sif Muna
Trog
Vehumet
Wu Jian
Xom
Yredelemnul
Zin
The Shining One

Shops:
D:1 ![(   D:4 [


Innate Abilities, Weirdness & Mutations

((You are very nimble when in or above water. (Stealth+, EV+, Speed+++)))
Your lower body shifts to a powerful aquatic tail in water.
You are partially covered in iridescent scales. (AC +2)
Your mind is acute. (Int +2)


Message History

The wyvern skeleton bites you.
* * * LOW HITPOINT WARNING * * *
You take 5 damage, and have 14/69 hp.
A howler monkey comes into view.
The gnoll misses you. You block the water moccasin's attack.
You block the gnoll's attack. As you open the door, it creaks loudly!
You hear a shout!
You block the wyvern skeleton's attack.
The water moccasin bites you but does no damage.
You block the gnoll's attack. The wyvern skeleton barely misses you.
The howler monkey hoots and howls with incredible vigour!
The gnoll hits you from afar with a +0 spear.
* * * LOW HITPOINT WARNING * * *
You hear a shout! x3
You take 4 damage, and have 10/69 hp.
Unknown command.
The water moccasin closely misses you.
An ogre comes into view. It is wielding a +0 giant club.
You block the water moccasin's attack.
The orc priest looks braver for a moment.
There is an open door here.
The orc priest miscasts a cantrip.
Okay, then.
Okay, then.
As you read the scroll labelled VYMUFI HUGGADUACVA, it crumbles to dust.
It is a scroll of identify.
t - a scroll of noise You block the water moccasin's attack.
You block the gnoll's attack.
The gnoll shaman calls upon its god to speed up the gnoll.
The gnoll seems to speed up.
The water moccasin bites you.
* * * LOW HITPOINT WARNING * * *
You take 4 damage, and have 7/69 hp.
This is a scroll of acquirement!
Something appears at your feet! You block the water moccasin's attack.
The gnoll hits you but does no damage.
The gnoll shaman calls upon its god to speed up the gnoll.
The gnoll seems to speed up.
The orc priest calls down the wrath of Beogh upon you.
Beogh smites you!
You die...

########### #.........#
#.........# ########
#.........# #.......
#.........# #.......
#.......g.# #######.......
#........g#####.........####
#..>....goS@............'...
#......oZh#####.........#(##
#........g# #.......>.#.#
#[......h.# #..########.#
#........(# ##.# #.#
#.........# #.## #####'##
####.....# #..# #.......
#####O# ##.###.......
#...........


You could see a water moccasin, a gnoll shaman, a howler monkey, 2 orc priests,
2 gnolls and a wyvern skeleton.

Vanquished Creatures
  Sigmund (D:5)
  An ice beast (D:5)
  2 ogres
  Blork the orc (D:4)
  A kobold brigand (D:7)
  A scorpion (D:5)
  A bullfrog (D:6)
  A water moccasin skeleton (D:6)
  A jelly (D:3)
  2 orc priests
  5 hounds
  2 iguanas (D:5)
  6 orc wizards
  Natasha (thrice) (D:3)
  5 gnolls (D:7)
  8 adders
  2 white imps
  An adder skeleton (D:4)
  An adder zombie (D:5)
  3 dart slugs (D:1)
  20 orcs
  2 bats (D:1)
  7 endoplasms
  18 giant cockroaches
  7 goblins
  9 hobgoblins
  6 jackals
  2 quokkas
  6 ball pythons
  3 frilled lizards
  12 kobolds
  6 rats
146 creatures vanquished.

Vanquished Creatures (others)
  3 plants (D:5)
3 creatures vanquished.

Grand Total: 149 creatures vanquished

Notes
Turn   | Place    | Note
-------+----------+-------------------------------------------
     0 | D:1      | Orthodox the Merfolk Gladiator began the quest for the Orb.
     0 | D:1      | Reached XP level 1. HP: 16/16 MP: 1/1
   272 | D:1      | Found Sajocvim's Armour Shoppe.
   287 | D:1      | Reached XP level 2. HP: 22/23 MP: 2/2
   480 | D:1      | Reached skill level 5 in Polearms
   635 | D:1      | Reached XP level 3. HP: 23/29 MP: 3/3
   763 | D:1      | Found Ubiv's Distillery.
   841 | D:1      | Found Walah's Weapon Shop.
  1166 | D:2      | Found a faded altar of an unknown god.
  1613 | D:2      | Reached XP level 4. HP: 34/35 MP: 4/4
  2224 | D:2      | Reached skill level 6 in Polearms
  2333 | D:3      | Noticed an ogre
  2988 | D:3      | Reached XP level 5. HP: 42/42 MP: 5/5
  3290 | D:3      | Noticed Natasha
  3293 | D:3      | Killed Natasha
  3324 | D:3      | Noticed Natasha
  3341 | D:3      | Reached skill level 7 in Polearms
  3346 | D:3      | Killed Natasha
  3536 | D:3      | Killed an ogre
  3537 | D:3      | Reached skill level 5 in Fighting
  3537 | D:3      | Reached XP level 6. HP: 46/51 MP: 6/6
  3568 | D:3      | Noticed Natasha
  3587 | D:3      | Killed Natasha
  3710 | D:3      | Reached skill level 8 in Polearms
  3848 | D:4      | Reached XP level 7. HP: 46/57 MP: 7/7
  3886 | D:4      | Found Cisampe's Armour Shoppe.
  3966 | D:4      | Noticed Blork the orc
  4287 | D:4      | Killed Blork the orc
  4336 | D:4      | Reached skill level 9 in Polearms
  4585 | D:5      | Entered Level 5 of the Dungeon
  4897 | D:5      | Reached XP level 8. HP: 67/67 MP: 8/8
  4939 | D:5      | Noticed Sigmund
  4958 | D:4      | Reached skill level 10 in Polearms
  5250 | D:5      | Found an ornate altar of the Wu Jian Council.
  5250 | D:5      | Found a white marble altar of Elyvilon.
  5250 | D:5      | Found a glowing golden altar of the Shining One.
  5375 | D:5      | Gained mutation: Your mind is acute. (Int +2) [potion of
                  | mutation]
  5375 | D:5      | Gained mutation: You are partially covered in iridescent
                  | scales. (AC +2) [potion of mutation]
  5394 | D:5      | Killed Sigmund
  5411 | D:5      | Found a shadowy altar of Dithmenos.
  5413 | D:5      | Found a radiant altar of Vehumet.
  5438 | D:4      | Bought a +0 kite shield of protection for 115 gold pieces
  5643 | D:6      | Found a glowing silver altar of Zin.
  5643 | D:6      | Found a burning altar of Makhleb.
  5644 | D:6      | Noticed a green death
  5644 | D:6      | Noticed an angel
  5697 | D:6      | Found a broken altar of Ashenzari.
  5830 | D:6      | Found a staircase to the Ecumenical Temple.
  5911 | D:6      | Reached skill level 1 in Shields
  6061 | D:6      | Reached skill level 11 in Polearms
  6344 | Temple   | Entered the Ecumenical Temple
  6530 | Temple   | Became a worshipper of Warmaster Okawaru
  7053 | D:7      | HP: 3/69 [centaur warrior zombie (9)]
  7067 | D:7      | Identified a scroll of acquirement
  7067 | D:7      | Acquired the ring "Gom Cut" {Will+ EV+4 Str+4}
  7067 | D:7      | Killed from afar by an orc priest

Illustrated notes

Levels and vault maps discovered:
D:1:      dpeg_arrival_tiny_g, layout_loops_cross, serial_shops,
          nicolae_square_shop, nicolae_shop_temple_entry_statues_fountains,
          nicolae_shop_window_shopping
D:2:      minmay_roachtagon, layout_loops_corners,
          shapermc_ecumenical_altar_starsandcircs
D:3:      layout_rooms, uniq_natasha
D:4:      layout_cave_pools, serial_shops, shop, uniq_blork_the_orc
D:5:      layout_rooms, gammafunk_temple_overflow_forgotten,
          nicolae_overflow_hidden_temple,
          nicolae_concentric_dashed_squares_mild, uniq_sigmund
D:6:      layout_loops_ring, grunt_temple_overflow_order_and_chaos_2,
          nicolae_ashenzari_panopticon, temple_statues
D:7:      layout_basic
Temple:   grunt_temple_mini_profane

Skill      XL: |  1  2  3  4  5  6  7  8 |
---------------+-------------------------+-----
Polearms       | 5 6 7 8 9 11 | 11.0
Fighting       | 3 4 5 7 8 |  8.4
Shields        | 3 |  3.1
Throwing       | |  2.0
Dodging        | |  4.0

Action                   |  1- 3 |  4- 6 |  7- 9 || total
-------------------------+-------+-------+-------++-------
Melee: Trident           |    97 |   214 |   272 ||   583
       Punch             |     3 |     2 |     3 ||     8
Throw: Throwing net      |       |     3 |     1 ||     4
  Use: Scroll            |       |     4 |     3 ||     7
       Potion            |       |     4 |     3 ||     7
 Stab: Sleeping          |     5 |       |       ||     5
       Invisible         |       |     1 |       ||     1
       Held in net/web   |       |       |     1 ||     1
Armor: Leather armour    |    23 |    44 |    50 ||   117
       Chain mail        |       |       |    39 ||    39
       Plate armour      |       |       |     3 ||     3
Dodge: Dodged            |    51 |   156 |    72 ||   279
Block: Kite shield       |       |       |    49 ||    49
       Reflection        |       |       |     2 ||     2
